AoeStats
← Legendairy311

Arabia

510274797Analyzed
1v1 RM · 1d ago on Sep 30, 2026· 41m 5s· 2 players
Game mode
Random Map
Map size
Tiny (2 player)
Population
200
Speed
Normal
Resources
Standard
Victory
Conquest
Starting age
Dark Age
Ending age
Imperial Age
RankedLock teamsTeams togetherTeam positionsShared explorationLock speedFull tech treeHidden civsTurbo modeCheats
Victory
Defeat
🇰🇷 Huns · South Korea
989
+16
🇩🇪 Japanese · Germany
994
-16
Legendairy311
7:21 Loom
9:36 Feudal Age
10:02 Double-Bit Axe
20:32 Castle Age
18:35 Gold Mining
18:27 Horse Collar
19:00 Bloodlines
20:04 Fletching
20:16 Padded Archer Armor
20:49 Stone Mining
21:26 Thumb Ring
21:40 Bow Saw
22:59 Bodkin Arrow
23:44 Husbandry
25:46 Leather Archer Armor
26:09 Wheelbarrow
26:58 Gold Shaft Mining
27:23 Ballistics
29:14 Heavy Plow
31:07 Hand Cart
33:01 Scale Barding Armor
34:11 Chain Barding Armor
38:32 Imperial Age
39:54 Parthian Tactics
40:33 Chemistry
41:07 Bracer
Beercules
2:25 Loom
11:41 Feudal Age
12:29 Horse Collar
20:40 Castle Age
20:45 Forging
20:35 Scale Mail Armor
20:30 Gold Mining
20:27 Double-Bit Axe
20:49 Pikeman
23:25 Chain Mail Armor
24:49 Elite Skirmisher
26:30 Fletching
26:41 Padded Archer Armor
30:05 Leather Archer Armor
Connection lost

Rejoining the realm…

Still unreachable

The connection could not be restored.

Session expired

The server has moved on; the page needs a fresh start.